Map: Orbital Shipyard

Players

Artanniss

  • Race: Zerg Zerg
  • League: Bronze

HeadCrab

  • Race: Zerg Zerg

Gracz

  • Race: Protoss Protoss

Overlord

  • Race: Protoss Protoss

VOD

Have the link to the VOD?

Description

Time

  • Played on: March 7, 2016, 2:06 p.m.
  • Length: 27:13
Show
View Real Time Build Order
Export as new Build Order

Artanniss Zerg 

Build Orders: Hatch First 

Get SALT Encoding   

  12  0:02  Drone  
  13  0:08  Drone  
  13  0:13  Extractor  
  13  0:16  Drone  
  15  0:47  Extractor  
  14  1:05  Spawning Pool, Overlord, Hatchery  
  12  1:25  Overlord  
  12  1:32  Drone x2  
  14  1:36  Drone  
  15  1:56  Zergling x2  
  15  1:59  Zergling x2  
  17  2:11  Roach Warren  
  16  2:16  Extractor  
  15  2:23  Zergling x2  
  16  2:32  Overlord  
  16  2:33  Drone  
  16  2:34  Drone  
  18  2:42  Drone x2  
  20  2:44  Drone  
  21  2:52  Queen  
  23  3:06  Roach, Drone  
  23  3:12  Drone  
  27  3:13  Drone  
  27  3:18  Roach x2  
  33  3:27  Ravager  
  33  3:30  Drone  
  35  3:41  Ravager  
  35  3:46  Roach  
  35  3:47  Queen  
  40  3:48  Ravager  
  40  3:49  Drone  
  40  3:50  Overlord  
  41  4:08  Roach  
  43  4:11  Drone  
  43  4:15  Drone x2  
  43  4:16  Overlord  
  46  4:20  Extractor  
  45  4:39  Drone  
  45  4:40  Drone x2  
  45  4:43  Extractor  
  47  4:49  Drone  
  48  5:09  Drone x2  
  48  5:13  Burrow  
  52  5:26  Drone x3  
  52  5:28  Metabolic Boost  
  55  5:34  Lair  
  55  5:35  Drone  
  54  5:40  Roach  
  54  5:41  Roach x2  
  60  5:56  Overlord  
  60  5:59  Overlord  
  60  6:07  Overlord  
  60  6:22  Drone  
  60  6:23  Drone x3  
  64  6:38  Ravager  
  64  6:39  Ravager x4  
  67  7:01  Drone  
  67  7:02  Drone x2  
  67  7:05  Overlord  
  67  7:06  Overlord  
  69  7:50  Drone x2  
  69  7:51  Drone  
  72  7:58  Spire  
  72  8:02  Hydralisk Den  
  70  8:07  Infestation Pit  
  70  8:08  Drone x4  
  70  8:10  Drone x3  
  76  8:23  Overseer  
  76  8:32  Lurker Den  
  76  8:40  Extractor  
  75  8:42  Overlord, Hatchery  
  75  8:43  Overlord  
  75  8:45  Drone  
  75  8:46  Extractor  
  74  9:08  Drone  
  93  9:46  Drone  
  93  9:47  Drone  
  93  9:48  Drone x2  
  93  9:49  Queen  
  83  10:42  Overseer  
  75  10:52  Drone x2  
  81  11:02  Mutalisk x8  
  81  11:03  Mutalisk x3  
  71  12:02  Overseer  
  71  12:05  Drone x3  
  71  12:06  Mutalisk x9, Queen  
  88  12:32  Hatchery  
  88  12:35  Drone  
  88  12:36  Drone  
  80  12:51  Drone  
  80  12:52  Drone x3  
  80  12:54  Queen  
  80  12:57  Drone  
  87  13:00  Drone  
  87  13:01  Drone  
  85  13:21  Drone  
  86  13:27  Drone  
  86  13:28  Drone x2  
  89  13:36  Roach  
  89  13:37  Roach x2  
  95  13:43  Drone  
  92  14:00  Drone x2  
  94  14:17  Drone  
  94  14:18  Drone x4  
  87  14:48  Drone  
  87  14:49  Drone  
  87  14:50  Drone  
  87  14:51  Drone x2  
  87  14:52  Drone  
  89  15:07  Drone  
  89  15:08  Drone x5  
  85  15:17  Extractor  
  85  15:19  Extractor  
  83  15:29  Tunneling Claws  
  83  15:41  Hydralisk  
  83  15:42  Hydralisk x5  
  95  16:17  Hatchery  
  94  16:19  Lurker  
  94  16:20  Lurker x3  
  94  16:24  Overlord  
  94  16:25  Overlord x2  
  98  16:39  Extractor  
  85  16:45  Extractor  
  72  17:41  Lurker  
  72  17:42  Lurker, Drone x2  
  76  17:44  Roach  
  76  17:45  Roach x17  
  76  17:49  Overlord  
  76  17:50  Overlord  
  76  17:51  Overlord x2  
  112  17:57  Hive  
  112  18:07  Queen  
  114  18:15  Drone  
  114  18:16  Drone x2  
  117  18:21  Hydralisk x3  
  117  18:22  Hydralisk x2  
  125  18:43  Pneumatized Carapace  
  125  18:46  Drone  
  125  18:48  Overlord  
  126  18:50  Overlord x2  
  126  18:54  Lurker x2  
  128  18:59  Overlord x4  
  128  19:11  Lurker x3  
  131  19:19  Hydralisk  
  131  19:20  Hydralisk x6  
  131  19:22  Overseer  
  145  19:28  Drone x3  
  148  19:35  Spine Crawler  
  145  20:08  Drone  
  145  20:09  Drone x2  
  148  20:17  Roach  
  148  20:18  Roach x5  
  148  20:21  Spine Crawler, Ravager x4  
  160  20:22  Ravager x3  
  160  20:23  Ravager  
  160  20:25  Spine Crawler  
  160  20:26  Drone  
  165  20:42  Overseer  
  162  20:57  Overseer  
  154  21:32  Spine Crawler  
  115  22:19  Roach  
  115  22:20  Roach x7  
  131  22:26  Roach x9  
  131  22:27  Roach x5  
  131  23:15  Lurker x3  
  134  23:22  Mutalisk  
  134  23:23  Mutalisk x9  
  154  23:33  Hatchery  
  153  23:35  Extractor  
  153  23:40  Extractor  
  153  23:41  Evolution Chamber  
  150  23:42  Evolution Chamber  
  150  23:44  Evolution Chamber  
  148  23:54  Overlord  
  148  23:55  Overlord x3  
  148  23:56  Overlord  
  148  23:57  Overlord  
  148  24:31  Roach x28  
  148  24:56  Overlord  
  148  24:57  Overlord x2  
  74  25:44  Overseer  
  74  25:45  Overseer x2  
  74  25:54  Roach  
  74  25:55  Roach x18  
  74  25:56  Roach x7  
  116  26:13  Overseer x2  
  110  26:20  Hatchery  
  110  26:23  Extractor  
  110  26:24  Extractor  
Show
View Real Time Build Order
Export as new Build Order

HeadCrab Zerg 

Build Orders:  

Get SALT Encoding   

  12  0:03  Probe (Chrono Boost)  
  13  0:16  Pylon  
  13  0:19  Probe (Chrono Boost)  
  14  0:35  Forge  
  14  0:36  Probe (Chrono Boost)  
  15  0:48  Probe (Chrono Boost)  
  16  0:57  Gateway  
  16  1:01  Pylon  
  16  1:06  Probe (Chrono Boost)  
  17  1:21  Probe (Chrono Boost), Photon Cannon  
  18  1:32  Photon Cannon  
  18  1:34  Probe (Chrono Boost)  
  19  1:41  Assimilator  
  19  1:56  Pylon  
  19  1:57  Photon Cannon  
  19  2:11  Zealot  
  19  2:12  Cybernetics Core  
  21  2:21  Assimilator, Probe (Chrono Boost)  
  22  2:31  Photon Cannon  
  22  2:43  Warp Gate  
  22  2:46  Photon Cannon  
  23  2:51  Probe (Chrono Boost)  
  23  3:02  Stalker, Probe (Chrono Boost)  
  26  3:10  Pylon  
  26  3:19  Probe (Chrono Boost)  
  27  3:44  Nexus  
  27  3:54  Stalker  
  29  3:58  Probe (Chrono Boost)  
  30  4:29  Robotics Facility  
  32  4:38  Probe (Chrono Boost)  
  33  4:49  Nexus  
  31  4:54  Protoss Ground Weapons Level 1  
  31  4:57  Stalker, Gateway  
  29  5:14  Pylon  
  29  5:15  Probe (Chrono Boost)  
  30  5:22  Pylon  
  30  5:25  Probe (Chrono Boost)  
  31  5:37  Immortal  
  35  5:57  Twilight Council  
  35  5:59  Stalker  
  35  6:02  Probe (Chrono Boost)  
  38  6:09  Probe (Chrono Boost)  
  39  6:13  Probe (Chrono Boost)  
  39  6:15  Pylon  
  40  6:23  Probe (Chrono Boost)  
  45  6:25  Immortal  
  45  6:27  Probe (Chrono Boost)  
  45  6:30  Blink  
  43  6:49  Protoss Shields Level 1  
  43  6:58  Dark Shrine  
  43  7:01  Stalker  
  43  7:02  Stalker, Gateway  
  43  7:04  Probe (Chrono Boost)  
  48  7:16  Pylon, Probe (Chrono Boost)  
  50  7:27  Probe (Chrono Boost)  
  50  7:31  Immortal  
  54  7:37  Probe (Chrono Boost)  
  54  7:42  Assimilator  
  55  7:48  Probe (Chrono Boost)  
  55  7:49  Stalker  
  59  7:58  Probe (Chrono Boost)  
  59  8:05  Photon Cannon  
  59  8:07  Photon Cannon  
  59  8:09  Probe (Chrono Boost)  
  60  8:15  Assimilator  
  60  8:21  Immortal  
  64  8:34  Pylon  
  64  8:37  Dark Templar  
  64  8:38  Dark Templar  
  64  8:40  Dark Templar  
  70  8:46  Protoss Ground Armor Level 1  
  70  8:53  Pylon  
  70  8:55  Pylon  
  70  9:07  Immortal  
  74  9:27  Robotics Facility  
  74  9:39  Nexus  
  74  9:40  Photon Cannon  
  74  9:41  Photon Cannon  
  74  9:46  Observer  
  74  9:49  Probe (Chrono Boost)  
  76  9:53  Dark Templar  
  77  10:15  Immortal  
  77  10:18  Stalker  
  77  10:19  Adept  
  85  10:35  Immortal  
  89  10:36  Protoss Ground Weapons Level 2  
  89  10:46  Gateway  
  89  10:50  Gateway  
  89  10:52  Stalker  
  89  10:53  Gateway  
  91  11:11  Pylon  
  91  11:22  Stalker  
  93  11:29  Immortal  
  93  11:31  Immortal  
  97  12:00  Stalker  
  97  12:01  Stalker x3  
  99  12:14  Nexus  
  99  12:33  Pylon  
  99  12:35  Protoss Ground Weapons Level 3  
  99  12:37  Pylon  
  97  12:38  Pylon  
  91  12:52  Stalker  
  91  12:53  Stalker x3  
  95  13:12  Pylon  
  95  13:14  Pylon  
  94  13:22  Assimilator  
  94  13:23  Stalker  
  94  13:24  Stalker x2  
  94  13:25  Stalker  
  102  13:27  Assimilator  
  102  13:36  Robotics Facility  
  102  13:42  Stalker  
  104  14:03  Probe (Chrono Boost)  
  104  14:07  Stalker x2  
  104  14:08  Stalker x2  
  113  14:13  Probe (Chrono Boost)  
  113  14:14  Stalker  
  116  14:24  Probe (Chrono Boost)  
  114  14:34  Probe (Chrono Boost)  
  115  14:46  Probe (Chrono Boost)  
  115  14:48  Immortal  
  118  14:57  Probe (Chrono Boost)  
  119  15:05  Photon Cannon  
  117  15:07  Stalker, Photon Cannon  
  117  15:12  Stalker  
  117  15:30  Stalker x3  
  117  15:32  Protoss Ground Armor Level 2  
  123  15:38  Probe (Chrono Boost)  
  124  15:44  Observer  
  125  15:53  Robotics Facility  
  125  16:04  Stalker x3  
  127  16:07  Stalker  
  133  16:20  Forge  
  133  16:39  Protoss Shields Level 2  
  133  16:51  Nexus  
  128  17:23  Pylon x2  
  128  17:25  Pylon  
  128  17:30  Protoss Ground Armor Level 3  
  128  17:35  Stalker  
  128  17:36  Stalker x2  
  132  17:49  Nexus  
  132  17:55  Stalker x2  
  136  18:01  Sentry  
  138  18:06  Charge  
  138  18:16  Pylon  
  138  18:18  Pylon  
  138  18:27  Stalker x2  
  138  18:28  Stalker  
  144  18:45  Warp Prism  
  146  18:57  Robotics Bay  
  146  19:02  Stalker x2  
  148  19:03  Stalker  
  152  19:22  Stalker  
  152  19:23  Stalker  
  156  19:39  Stalker x3  
  156  19:44  Probe (Chrono Boost)  
  163  19:55  Probe (Chrono Boost)  
  163  19:56  Assimilator  
  164  20:05  Dark Templar x3, Probe (Chrono Boost)  
  171  20:16  Probe (Chrono Boost)  
  172  20:26  Probe (Chrono Boost)  
  173  20:30  Protoss Shields Level 3  
  173  20:36  Assimilator  
  173  20:37  Probe (Chrono Boost)  
  174  20:44  Stalker x3  
  174  20:47  Stalker  
  181  20:50  Probe (Chrono Boost)  
  179  21:15  Stalker x2  
  179  21:16  Stalker, Zealot  
  179  21:17  Zealot  
  183  21:22  Probe (Chrono Boost)  
  184  21:32  Probe (Chrono Boost)  
  184  21:35  Observer  
  184  21:38  Observer  
  186  21:56  Robotics Facility  
  186  21:59  Stalker  
  188  22:13  Nexus  
  176  22:16  Pylon  
  176  22:17  Pylon  
  176  22:19  Pylon  
  176  22:26  Stalker  
  178  22:36  Immortal  
  182  22:46  Zealot  
  182  22:47  Stalker  
  182  22:48  Stalker x2  
  190  22:55  Probe (Chrono Boost)  
  191  23:02  Assimilator  
  191  23:05  Stalker  
  193  23:06  Probe (Chrono Boost)  
  193  23:07  Stalker  
  193  23:08  Assimilator  
  193  23:09  Stalker  
  193  23:11  Pylon, Stalker  
  193  23:12  Zealot  
  196  23:14  Observer  
  197  23:21  Observer  
  198  23:32  Stalker  
  200  23:45  Observer Gravitic Boosters  
  198  24:55  Photon Cannon  
  198  24:59  Photon Cannon  
  192  25:01  Photon Cannon  
  192  25:05  Pylon  
  192  25:06  Stalker x2  
  174  25:07  Stalker  
  174  25:09  Pylon, Stalker  
  174  25:12  Stalker  
  180  25:14  Immortal  
  180  25:15  Photon Cannon  
  180  25:16  Photon Cannon  
  180  25:19  Photon Cannon  
  180  25:21  Photon Cannon  
  176  25:23  Photon Cannon  
  176  25:26  Photon Cannon  
  176  25:27  Photon Cannon  
  160  25:39  Zealot x2  
  160  25:40  Zealot  
  164  25:54  Cybernetics Core  
  164  26:10  Pylon  
  164  26:17  Dark Templar, Zealot  
  164  26:18  Zealot  
  170  26:21  Probe (Chrono Boost)  
  141  26:36  Stalker  
  141  26:37  Stalker  
  145  26:52  Stalker  
  145  26:53  Stalker  
  149  26:58  Stalker  
Show
View Real Time Build Order
Export as new Build Order

Gracz Protoss 

Build Orders:  

Get SALT Encoding   

Show
View Real Time Build Order
Export as new Build Order

Overlord Protoss 

Build Orders:  

Get SALT Encoding   

Tags
 
Add a new tag
Caveats
  • Supply blocks, unpowered buildings, or Contaminate may cause inaccurate times.
  • Supply counts are checked every 10 seconds.